BSA
POCATELLO BELLAS @ SEATTLE PIKES
09/22/2030
 
TOP OF THE 1ST
Pocatello Bellas batting - Pitching for Seattle Pikes : LHP Darren Blackwell
Pitching: LHP Darren Blackwell
Batting: SHB Shane Hutchinson 0-0: Ball
1-0: Swinging Strike
1-1: SOLO HOME RUN (Flyball, 7D), Distance : 483 ft
Batting: RHB Lonnie Anderson 0-0: Ball
1-0: Ball
2-0: SOLO HOME RUN (Flyball, 7LD), Distance : 364 ft
Batting: RHB Buck Jones 0-0: Ball
1-0: Foul Ball, location: 2F
1-1: Ball
2-1: SINGLE (Flyball, 78M)
Batting: RHB António Ortega 0-0: Ball
1-0: Called Strike
1-1: Ball
2-1: Foul Ball, location: 2F
2-2: Fly out, F8 (Flyball, 8RD)
Batting: RHB Júlio Figueroa 0-0: Ball
1-0: Called Strike
1-1: Swinging Strike
1-2: Fly out, F8 (Flyball, 8RM)
Batting: SHB Juan Castro 0-0: Called Strike
0-1: Called Strike
0-2: Strikes out swinging
Top of the 1st over - 2 runs, 3 hits, 0 errors, 1 left on base; Pocatello 2 - Seattle 0
BOTTOM OF THE 1ST
Seattle Pikes batting - Pitching for Pocatello Bellas : RHP Derek Simpson
Pitching: RHP Derek Simpson
Batting: RHB Pete Rideout 0-0: Ball
1-0: Ground out 6-3 (Groundball, 6)
Batting: LHB John Clark 0-0: Ball
1-0: Ball
2-0: Called Strike
2-1: Ball
3-1: Swinging Strike
3-2: Foul Ball, location: 2F
3-2: Strikes out looking
Batting: RHB Anthony Rucker 0-0: Ball
1-0: Ball
2-0: Foul Ball, location: 2F
2-1: SINGLE (Line Drive, 6D)
Batting: RHB Esteban Concepción 0-0: Ball
1-0: Fielders Choice at 2nd, 5-4 (Groundball, 56)
Bottom of the 1st over - 0 runs, 1 hit, 0 errors, 1 left on base; Pocatello 2 - Seattle 0
TOP OF THE 2ND
Pocatello Bellas batting - Pitching for Seattle Pikes : LHP Darren Blackwell
Batting: RHB Javier Deleón 0-0: Foul Ball, location: 2F
0-1: Swinging Strike
0-2: Ball
1-2: Ball
2-2: Foul Ball, location: 2F
2-2: Foul Ball, location: 2F
2-2: Ball
3-2: Ground out 6-3 (Groundball, 6)
Batting: RHB Enrique Mendoza 0-0: Foul Ball, location: 2F
0-1: Foul Ball, location: 2F
0-2: Fly out, F7 (Flyball, 7LDF)
Batting: LHB José Rivas 0-0: Ball
1-0: Ball
2-0: Called Strike
2-1: Ball
3-1: Called Strike
3-2: Strikes out looking
Top of the 2nd over - 0 runs, 0 hits, 0 errors, 0 left on base; Pocatello 2 - Seattle 0
BOTTOM OF THE 2ND
Seattle Pikes batting - Pitching for Pocatello Bellas : RHP Derek Simpson
Batting: RHB Murai Ishihara 0-0: Swinging Strike
0-1: Called Strike
0-2: Fly out, F9 (Flyball, 89M)
Batting: RHB Juan Estrada 0-0: Fly out, F8 (Flyball, 89M)
Batting: RHB António López 0-0: Ball
1-0: Ball
2-0: Ball
3-0: Called Strike
3-1: SINGLE (Line Drive, 78S)
Batting: SHB Richard Bowman 0-0: Ball
1-0: Foul Ball, location: 2F
1-1: Ground out 4-3 (Groundball, 4)
Bottom of the 2nd over - 0 runs, 1 hit, 0 errors, 1 left on base; Pocatello 2 - Seattle 0
TOP OF THE 3RD
Pocatello Bellas batting - Pitching for Seattle Pikes : LHP Darren Blackwell
Batting: SHB Shane Hutchinson 0-0: Ball
1-0: Foul Ball, location: 2F
1-1: Ground out 5-3 (Groundball, 56S)
Batting: RHB Lonnie Anderson 0-0: Ground out 5-3 (Groundball, 56)
Batting: RHB Buck Jones 0-0: Ball
1-0: Foul Ball, location: 2F
1-1: TRIPLE (Flyball, 89XD)
Batting: RHB António Ortega 0-0: Foul Ball, location: 2F
0-1: Called Strike
0-2: Ball
1-2: Ball
2-2: Ball
3-2: Ground out 6-3 (Groundball, 6)
Top of the 3rd over - 0 runs, 1 hit, 0 errors, 1 left on base; Pocatello 2 - Seattle 0
BOTTOM OF THE 3RD
Seattle Pikes batting - Pitching for Pocatello Bellas : RHP Derek Simpson
Batting: LHB Javier Martínez 0-0: Foul Ball, location: 2F
0-1: Ball
1-1: Fly out, F4 (Line Drive, 4)
Batting: RHB Pete Rideout 0-0: Ball
1-0: Fly out, F3 (Popup, 3)
Batting: LHB John Clark 0-0: Ball
1-0: Ball
2-0: Foul Ball, location: 2F
2-1: Ball
3-1: Fly out, F7 (Flyball, 78D)
Bottom of the 3rd over - 0 runs, 0 hits, 0 errors, 0 left on base; Pocatello 2 - Seattle 0
TOP OF THE 4TH
Pocatello Bellas batting - Pitching for Seattle Pikes : LHP Darren Blackwell
Batting: RHB Júlio Figueroa 0-0: Ball
1-0: Ball
2-0: Foul Ball, location: 2F
2-1: Ball
3-1: Foul Ball, location: 2F
3-2: Foul Ball, location: 2F
3-2: Ground out 6-3 (Groundball, 6)
Batting: SHB Juan Castro 0-0: Called Strike
0-1: Ball
1-1: Ball
2-1: DOUBLE (Flyball, 89D)
Batting: RHB Javier Deleón 0-0: Ball
1-0: Ball
2-0: Ball
3-0: Called Strike
3-1: Base on Balls
Batting: RHB Enrique Mendoza 0-0: Ball
1-0: Ball
2-0: Ground out 5-3 (Groundball, 56S)
Juan Castro to third
Javier Deleón to second
Batting: LHB José Rivas 0-0: Ball
1-0: Foul Ball, location: 2F
1-1: Swinging Strike
1-2: Strikes out looking
Top of the 4th over - 0 runs, 1 hit, 0 errors, 2 left on base; Pocatello 2 - Seattle 0
BOTTOM OF THE 4TH
Seattle Pikes batting - Pitching for Pocatello Bellas : RHP Derek Simpson
Batting: RHB Anthony Rucker 0-0: Swinging Strike
0-1: Ball
1-1: Foul Ball, location: 2F
1-2: SINGLE (Flyball, 7LS)
Batting: RHB Esteban Concepción 0-0: Ball
1-0: Ground out 4-3 (Groundball, 34)
Anthony Rucker to second
Batting: RHB Murai Ishihara 0-0: Ball
1-0: Swinging Strike
1-1: Called Strike
1-2: Ball
2-2: Foul Ball, location: 2F
2-2: Hit by Pitch
Batting: RHB Juan Estrada 0-0: Called Strike
Anthony Rucker steals 3rd base
Murai Ishihara to second
0-1: Swinging Strike
0-2: Ball
1-2: Foul Ball, location: 2F
1-2: Fly out, F8 (Flyball, 8LM)
Runner from 3rd tags up, OUT at HOME
Bottom of the 4th over - 0 runs, 1 hit, 0 errors, 1 left on base; Pocatello 2 - Seattle 0
TOP OF THE 5TH
Pocatello Bellas batting - Pitching for Seattle Pikes : LHP Darren Blackwell
Batting: SHB Shane Hutchinson 0-0: Foul Ball, location: 2F
0-1: Ball
1-1: Ball
2-1: Swinging Strike
2-2: Ball
3-2: Ground out 3-1 (Groundball, 34S)
Batting: RHB Lonnie Anderson 0-0: Ball
1-0: Ball
2-0: Fly out, F9 (Flyball, 9S)
Batting: RHB Buck Jones 0-0: Ball
1-0: Called Strike
1-1: Called Strike
1-2: Foul Ball, location: 2F
1-2: Foul Ball, location: 2F
1-2: Ball
2-2: Foul Ball, location: 2F
2-2: SINGLE (Groundball, 34D)
Batting: RHB António Ortega 0-0: Foul Ball, location: 2F
0-1: Ball
1-1: Ball
2-1: Ball
3-1: Base on Balls
Buck Jones to second
Batting: RHB Júlio Figueroa 0-0: Ball
1-0: Ball
2-0: Foul Ball, location: 2F
2-1: DOUBLE (Line Drive, 7D)
Buck Jones scores
António Ortega to third
Runner from 3rd tries for Home, SAFE, no throw
Pitching: LHP Marcos Benítez
Batting: SHB Juan Castro 0-0: Foul Ball, location: 2F
0-1: Foul Ball, location: 2F
0-2: Ball
1-2: Ground out 6-3 (Groundball, 6M)
Top of the 5th over - 2 runs, 2 hits, 0 errors, 1 left on base; Pocatello 4 - Seattle 0
BOTTOM OF THE 5TH
Seattle Pikes batting - Pitching for Pocatello Bellas : RHP Derek Simpson
Batting: RHB António López 0-0: Called Strike
0-1: Foul Ball, location: 2F
0-2: Fly out, F9 (Flyball, 9)
Batting: SHB Richard Bowman 0-0: Called Strike
0-1: SINGLE (Groundball, 4MD)
Batting: LHB Javier Martínez 0-0: Ball
1-0: Grounds into double play, 4-6-3 (Groundball, 34)
Bottom of the 5th over - 0 runs, 1 hit, 0 errors, 0 left on base; Pocatello 4 - Seattle 0
TOP OF THE 6TH
Pocatello Bellas batting - Pitching for Seattle Pikes : LHP Marcos Benítez
Batting: RHB Javier Deleón 0-0: DOUBLE (Line Drive, 7LM)
Batting: RHB Enrique Mendoza 0-0: Intentional Walk
Batting: LHB José Rivas 0-0: Called Strike
0-1: Ball
1-1: Foul Ball, location: 2F
1-2: Ball
2-2: Foul Ball, location: 2F
2-2: Foul Ball, location: 2F
2-2: 3-RUN HOME RUN (Flyball, 9LD), Distance : 347 ft
Batting: SHB Shane Hutchinson 0-0: Ball
1-0: Ball
2-0: Ground out 4-3 (Groundball, 4)
Batting: RHB Lonnie Anderson 0-0: Called Strike
0-1: Foul Ball, location: 2F
0-2: Ball
1-2: Strikes out swinging
Batting: RHB Buck Jones 0-0: Called Strike
0-1: Foul Ball, location: 2F
0-2: SINGLE (Line Drive, 6M)
Batting: RHB António Ortega 0-0: Ball
1-0: Fielders Choice at 2nd, 6-4 (Groundball, 6)
Top of the 6th over - 3 runs, 3 hits, 0 errors, 1 left on base; Pocatello 7 - Seattle 0
BOTTOM OF THE 6TH
Seattle Pikes batting - Pitching for Pocatello Bellas : RHP Derek Simpson
Batting: RHB Pete Rideout 0-0: Ball
1-0: Fly out, F7 (Flyball, 7)
Batting: LHB John Clark 0-0: Called Strike
0-1: Ball
1-1: SINGLE (Line Drive, 7S)
Batting: RHB Anthony Rucker 0-0: Ball
1-0: Swinging Strike
1-1: Called Strike
1-2: Ball
2-2: SINGLE (Groundball, 56D)
John Clark to second
Batting: RHB Esteban Concepción 0-0: Swinging Strike
0-1: Called Strike
0-2: Fielders Choice at 2nd, 3-6 (Groundball, 34)
John Clark to third
Batting: RHB Murai Ishihara 0-0: Ball
1-0: Swinging Strike
1-1: Fly out, F4 (Popup, 34D)
Bottom of the 6th over - 0 runs, 2 hits, 0 errors, 2 left on base; Pocatello 7 - Seattle 0
TOP OF THE 7TH
Pocatello Bellas batting - Pitching for Seattle Pikes : LHP Marcos Benítez
Batting: RHB Júlio Figueroa 0-0: Called Strike
0-1: Foul Ball, location: 2F
0-2: Fly out, F8 (Flyball, 8LD)
Batting: SHB Juan Castro 0-0: Called Strike
0-1: Called Strike
0-2: Ball
1-2: Strikes out swinging
Batting: RHB Javier Deleón 0-0: SINGLE (Flyball, 7LS)
Batting: RHB Enrique Mendoza 0-0: Ball
1-0: SINGLE (Groundball, 23) (infield hit)
Javier Deleón to second
Batting: LHB José Rivas 0-0: Called Strike
0-1: Called Strike
0-2: Ball
1-2: Foul Ball, location: 2F
1-2: Foul Ball, location: 2F
1-2: Ball
2-2: Foul Ball, location: 2F
2-2: Ball
3-2: Base on Balls
Javier Deleón to third
Enrique Mendoza to second
Batting: SHB Shane Hutchinson 0-0: Called Strike
0-1: Foul Ball, location: 2F
0-2: Ground out 3-1 (Groundball, 34)
Top of the 7th over - 0 runs, 2 hits, 0 errors, 3 left on base; Pocatello 7 - Seattle 0
BOTTOM OF THE 7TH
Seattle Pikes batting - Pitching for Pocatello Bellas : RHP Derek Simpson
Batting: RHB Juan Estrada 0-0: Called Strike
0-1: Ball
1-1: Foul Ball, location: 2F
1-2: Ball
2-2: Ball
3-2: Fly out, F8 (Flyball, 89M)
Batting: RHB António López 0-0: Foul Ball, location: 2F
0-1: Called Strike
0-2: Strikes out looking
Batting: SHB Richard Bowman 0-0: Ball
1-0: Foul Ball, location: 2F
1-1: Ball
2-1: Ball
3-1: Base on Balls
Batting: LHB Javier Martínez 0-0: Ball
1-0: Fielders Choice at 2nd, 6-4 (Groundball, 6)
Bottom of the 7th over - 0 runs, 0 hits, 0 errors, 1 left on base; Pocatello 7 - Seattle 0
TOP OF THE 8TH
Pocatello Bellas batting - Pitching for Seattle Pikes : LHP Marcos Benítez
Batting: RHB Lonnie Anderson 0-0: Ball
1-0: Ball
2-0: Called Strike
2-1: Ball
3-1: Base on Balls
Batting: RHB Buck Jones 0-0: Ball
1-0: Grounds into double play, 5-4-3 (Groundball, 56)
Batting: RHB António Ortega 0-0: SINGLE (Flyball, 89M)
Batting: RHB Júlio Figueroa 0-0: Foul Ball, location: 2F
0-1: Called Strike
0-2: Foul Ball, location: 2F
0-2: Ground out 4-3 (Groundball, 34)
Top of the 8th over - 0 runs, 1 hit, 0 errors, 1 left on base; Pocatello 7 - Seattle 0
BOTTOM OF THE 8TH
Seattle Pikes batting - Pitching for Pocatello Bellas : RHP Derek Simpson
Now at 1B: John Cotton
Batting: RHB Pete Rideout 0-0: Called Strike
0-1: Called Strike
0-2: Ball
1-2: Fly out, F7 (Line Drive, 78M)
Batting: LHB John Clark 0-0: Ball
1-0: Ball
2-0: Ball
3-0: Called Strike
3-1: Called Strike
3-2: SINGLE (Groundball, 4D)
Batting: RHB Anthony Rucker 0-0: Foul Ball, location: 2F
0-1: Swinging Strike
0-2: Ball
1-2: SINGLE (Flyball, 9LM)
John Clark to second
Runner from 2nd tries for 3rd, SAFE, no throw
Batting: RHB Esteban Concepción 0-0: Ball
1-0: Ball
2-0: Grounds into double play, 6-4-3 (Groundball, 6)
Bottom of the 8th over - 0 runs, 2 hits, 0 errors, 1 left on base; Pocatello 7 - Seattle 0
TOP OF THE 9TH
Pocatello Bellas batting - Pitching for Seattle Pikes : LHP Marcos Benítez
Batting: SHB Juan Castro 0-0: SINGLE (Line Drive, 9)
Batting: RHB Javier Deleón 0-0: Ball
1-0: Grounds into double play, 4-6-3 (Groundball, 4)
Batting: RHB Enrique Mendoza 0-0: Ball
1-0: Called Strike
1-1: Swinging Strike
1-2: Ground out 5-3 (Groundball, 56S)
Top of the 9th over - 0 runs, 1 hit, 0 errors, 0 left on base; Pocatello 7 - Seattle 0
BOTTOM OF THE 9TH
Seattle Pikes batting - Pitching for Pocatello Bellas : RHP Derek Simpson
Batting: RHB Murai Ishihara 0-0: Ball
1-0: Ground out 5-3 (Groundball, 56S)
Batting: RHB Juan Estrada 0-0: Ball
1-0: Ball
2-0: Ball
3-0: Called Strike
3-1: Foul Ball, location: 2F
3-2: Foul Ball, location: 2F
3-2: Ground out 6-3 (Groundball, 6)
Batting: RHB António López 0-0: Ball
1-0: Ball
2-0: Ball
3-0: Base on Balls
Batting: SHB Richard Bowman 0-0: SINGLE (Groundball, 6D)
António López to second
Batting: LHB Javier Martínez 0-0: Ground out U3 (Groundball, 34)
Bottom of the 9th over - 0 runs, 1 hit, 0 errors, 2 left on base; Pocatello 7 - Seattle 0
Saturday, April 7th, 2018 - OOTP Baseball 18.8 Build 76